 Dungeon Sprint DCSS version 0.28-a0-233-gb8ca4b6547 (webtiles) character file.

Game seed: 8737688353471980478

21 MikeHunt the Ruffian (level 2, -1/24 HPs)
             Began as a Ghoul Gladiator on Aug 22, 2021.
             Was a Believer of Dithmenos.
             Slain by an orc warrior (6 damage)
             ... in the Dungeon (Sprint VII: "The Pits").
             The game lasted 00:01:15 (185 turns).

MikeHunt the Ruffian (Ghoul Gladiator)               Turns: 185, Time: 00:01:15

Health: -1/24      AC:  4    Str: 17    XL:     2   Next: 87%
Magic:  1/1        EV: 12    Int:  3    God:    Dithmenos [**....]
Gold:   0          SH:  0    Dex: 10    Spells: 1/1 levels left

rFire   . . .      SeeInvis .     - Unarmed
rCold   + . .      Faith    .   (no shield)
rNeg    + + +      Spirit   .   a - +0 leather armour
rPois   ∞          Reflect  .   b - +0 helmet
rElec   .          Harm     .   (no cloak)
rCorr   .          Rampage  .   (no gloves)
Will    .....      NoTele   +   (no boots)
Stlth   +.........              (no amulet)
HPRegen 0.00/turn               (no ring)
MPRegen 0.07/turn               (no ring)

@: very slightly contaminated, inhibited regen, wreathed by umbra, invisible
A: claws 1, cold resistance 1, negative energy resistance 3, inhibited
regeneration, torment resistance 2
a: Renounce Religion, Shadow Step


You were in the Dungeon.
You worshipped Dithmenos.
Dithmenos was pleased with you.
You visited 1 branch

Inventory:

Missiles
 c - 3 throwing nets (quivered)
Armour
 a - a +0 leather armour (worn)
 b - a +0 helmet (worn)
Scrolls
 h - a scroll of blinking
 j - a scroll of summoning
Potions
 d - a potion of curing
 f - a potion of haste
 g - 4 potions of magic
 i - a potion of invisibility


   Skills:
 - Level 2.1 Fighting
 - Level 1.7 Throwing
 - Level 2.6 Dodging
 + Level 6.8 Unarmed Combat


You had one spell level left.
You didn't know any spells.
Your spell library was empty.

Dungeon Overview and Level Annotations

Branches:
Dungeon (1/1)

Altars:
Ashenzari
Cheibriados
Dithmenos
Elyvilon
Fedhas
Gozag
Hepliaklqana
Kikubaaqudgha
Makhleb
Nemelex Xobeh
Okawaru
Qazlal
Ru
Sif Muna
Trog
Uskayaw
Vehumet
Wu Jian
Xom
Yredelemnul
Zin
The Shining One
Beogh
Jiyva
Lugonu


Innate Abilities, Weirdness & Mutations

You thrive by killing the living.
You are immune to poison.
You have sharp fingernails.
Your flesh is cold resistant. (rC+)
You are immune to negative energy. (rN+++)
You do not regenerate when monsters are visible.
You are immune to unholy pain and torment.


Message History

Dithmenos accepts your kill.
You can now step into the shadows of nearby creatures.
The rat bites you but does no damage.
There is an open door here.
You see here a +0 hand axe.
You closely miss the rat. The rat bites you but does no damage.
The orc warrior closely misses you.
You scratch the rat but do no damage. The rat closely misses you.
The orc warrior barely misses you.
You scratch the rat.
The rat is moderately wounded.
The rat bites you but does no damage.
The orc warrior hits you from afar with a +0 trident!
You are too injured to fight recklessly!
You are too injured to fight recklessly!
Things that are here:
a +1 dagger of venom; an adder corpse
There is an open door here.
Things that are here:
a +2 falchion; a +2 dagger You claw the rat!
You kill the rat!
Dithmenos accepts your kill.
The orc warrior hits you from afar with a +0 trident!
Ouch! That really hurt!
* * * LOW HITPOINT WARNING * * *
You feel much better.
The orc warrior hits you from afar with a +0 trident!
You fade into invisibility!
The orc warrior closely misses you.
You are very lightly contaminated with residual magic.
There is an open door, spattered with blood here.
The orc priest barely misses you. The orc misses you.
You closely miss the orc priest. The orc priest barely misses you.
The orc closely misses you.
The orc warrior hits you with a +0 trident!
* * * LOW HITPOINT WARNING * * *
You barely miss the orc priest. The orc priest barely misses you.
The orc warrior hits you with a +0 trident.
You die...

############
#_________.#
#_________.#
#_______...###########++
##########'##...........
#.?(!')))o.##......#..#.
##########@##...........
#.....Z.ooo.†...........
#+#####)#####......#..#.
#...#.# #...........
#...#.# ####'#####++
#...'o# #.......#
##'#### #.......#
#Zr.J.# #.......#
#.o.oo# #...<...#


You could see an orc warrior, an orc priest, 2 orcs and an adder skeleton
(wandering).

Vanquished Creatures
  An adder (D)
  An ufetubus (D)
  An orc (D)
  2 endoplasms (D)
  A bat (D)
  A kobold (D)
  A rat (D)
8 creatures vanquished.

Notes
Turn   | Place    | Note
-------+----------+-------------------------------------------
     0 | D        | MikeHunt the Ghoul Gladiator began the quest for the Orb.
     0 | D        | Reached XP level 1. HP: 17/17 MP: 0/0
    34 | D        | Found a basalt altar of Yredelemnul.
    34 | D        | Found a shimmering altar of Xom.
    34 | D        | Found an ornate altar of the Wu Jian Council.
    34 | D        | Found a bloodstained altar of Trog.
    34 | D        | Found a shimmering blue altar of Sif Muna.
    34 | D        | Found a sacrificial altar of Ru.
    34 | D        | Found a stormy altar of Qazlal.
    34 | D        | Found an iron altar of Okawaru.
    34 | D        | Found a sparkling altar of Nemelex Xobeh.
    34 | D        | Found a burning altar of Makhleb.
    34 | D        | Found a viscous altar of Jiyva.
    34 | D        | Found a hazy altar of Hepliaklqana.
    34 | D        | Found an opulent altar of Gozag.
    34 | D        | Found a blossoming altar of Fedhas.
    34 | D        | Found a shadowy altar of Dithmenos.
    34 | D        | Found a snail-covered altar of Cheibriados.
    35 | D        | Found a radiant altar of Vehumet.
    35 | D        | Found a corrupted altar of Lugonu.
    36 | D        | Found a hide-covered altar of Uskayaw.
    36 | D        | Found an ancient bone altar of Kikubaaqudgha.
    36 | D        | Found a broken altar of Ashenzari.
    41 | D        | Became a worshipper of Dithmenos the Shadowed
    65 | D        | Reached skill level 5 in Unarmed Combat
    65 | D        | Reached XP level 2. HP: 23/24 MP: 1/1
    81 | D        | Reached * piety under Dithmenos
    82 | D        | Reached skill level 6 in Unarmed Combat
   159 | D        | Noticed an orc warrior
   169 | D        | Reached ** piety under Dithmenos
   185 | D        | Slain by an orc warrior

Illustrated notes

Levels and vault maps discovered:
D:        pitsprint [storerooms_1, entrance_room_1, metal_vault_8, armoury_1,
          mini_pit_1, grid_room_1, main_hall_1, silver_pit, the_coven_3,
          the_vestibule_1, steel_vault_4, golden_pit, hallway_of_sentries,
          crystal_vault_4, iron_vault_4, final_vault]

Skill      XL: |  1  2 |
---------------+-------+-----
Unarmed Combat | 5 6 |  6.8
Fighting       | |  2.1
Throwing       | |  1.7
Dodging        | |  2.6

Action                   || total
-------------------------++-------
Melee: Unarmed           ||    28
  Use: Potion            ||     2
Armor: Leather armour    ||     8
Dodge: Dodged            ||    32

Table legend: (Time is in decaauts)
 A = Elapsed time spent in this place.
 B = Non-inter-level travel time spent in this place.
 C = Inter-level travel time spent in this place.
 D = Time resting spent in this place.
 E = Time spent auto-exploring this place.
 F = Levels seen in this place.
 G = Mean time per level.
                   A        B        C        D        E       F      G
               +--------+--------+--------+--------+--------+-----+--------+
         Total |    182 |    182 |      0 |     72 |      0 |   1 |  182.0 |
       Dungeon |    182 |    182 |      0 |     72 |      0 |   1 |  182.0 |
               +--------+--------+--------+--------+--------+-----+--------+

Top non-repeatable levels by time:
       D: 182 daAuts
